 Dungeon Crawl Stone Soup version 0.27.0-1-g7a089689b8 (webtiles) character file.

Game seed: 8622564352068861629

23933 sasquatch the Unseen (level 13, -2/63 HPs)
             Began as a Kobold Enchanter on Aug 8, 2021.
             Was an Initiate of Gozag.
             Slain by an eight-headed hydra (13 damage)
             ... on level 3 of the Lair of Beasts.
             The game lasted 00:30:30 (14138 turns).

sasquatch the Unseen (Kobold Enchanter)            Turns: 14138, Time: 00:30:30

Health: -2/63      AC: 13    Str:  7    XL:     13   Next: 39%
Magic:  15/22      EV: 21    Int: 16    God:    Gozag
Gold:   2303       SH:  0    Dex: 19    Spells: 12/24 levels left

rFire    . . .     SeeInvis +   n - +2 dagger (protect)
rCold    . . .     Faith    .   (shield restricted)
rNeg     . . .     Spirit   .   z - +3 robe of Clouds {+Thunder rCloud rElec}
rPois    .         Reflect  .   u - +1 helmet {SInv}
rElec    +         Harm     .   (no cloak)
rCorr    .         Rampage  .   t - +2 pair of gloves
Will     .....                  J - +2 pair of boots
Stlth    ++++++++..             b - amulet of the acrobat
HPRegen  0.20/turn              (no ring)
MPRegen  0.18/turn              (no ring)

@: no status effects
A: small, no large weapons, nightstalker 3
a: Renounce Religion, Evoke Thunderclouds, Potion Petition, Call Merchant, Bribe
Branch


You were on level 3 of the Lair of Beasts.
You worshipped Gozag.
Gozag was most pleased with you.
You visited 2 branches of the dungeon, and saw 14 of its levels.

You collected 2727 gold pieces.
You spent 424 gold pieces at shops.

Inventory:

Hand Weapons
 n - a +2 dagger of protection (weapon)
 q - the +11 flail of Zakui {drain, Drain rElec Str+4}
   (You found it on level 5 of the Dungeon)

   A truly terrible weapon, it drains the life of any living foe it strikes.
   Str:       It affects your strength (+4).
   rElec:     It insulates you from electricity.
   Drain:     It drains your maximum health when unequipped.
 N - the +7 long sword "Osawk" {speed, rF- Will+ Int+6 Dex+5}
   (You found it on level 1 of the Lair of Beasts)

   Attacks with this weapon are significantly faster.
   Int:       It affects your intelligence (+6).
   Dex:       It affects your dexterity (+5).
   rF:        It makes you vulnerable to fire.
   Will:      It increases your willpower.
Missiles
 j - 3 atropa-tipped darts (quivered)
 B - 2 throwing nets
 P - 15 poisoned darts
Armour
 i - a +0 pair of boots
 t - a +2 pair of gloves (worn)
 u - a +1 helmet of see invisible (worn)
 v - the +0 buckler "Digoab" {Harm Int+4 Dex+2 Slay-2}
   (You bought it in a shop on level 6 of the Dungeon)

   Int:       It affects your intelligence (+4).
   Dex:       It affects your dexterity (+2).
   Slay:      It affects your accuracy & damage with ranged weapons and melee
   (-2).
   Harm:      It increases damage dealt and taken.
 z - the +3 robe of Clouds (worn) {+Thunder rCloud rElec}
   (You found it on level 7 of the Dungeon)

   It can be evoked to surround the wearer with storm clouds, with success rate
   depending on Evocations skill.
   rElec:     It insulates you from electricity.
 J - a +2 pair of boots (worn)
Jewellery
 b - an amulet of the acrobat (around neck)
 G - a ring of magical power
Wands
 s - a wand of flame (85)
 y - a wand of iceblast (9)
 A - a wand of polymorph (19)
 H - a wand of acid (12)
 O - a wand of digging (2)
Scrolls
 d - a scroll of magic mapping {unknown}
 f - 8 scrolls of identify
 g - 9 scrolls of amnesia {unknown}
 k - 2 scrolls of summoning {unknown}
 l - a scroll of holy word {unknown}
 o - 2 scrolls of teleportation
 p - a scroll of brand weapon {unknown}
 I - a scroll of fear {unknown}
 K - a scroll of blinking {unknown}
 L - 3 scrolls of enchant weapon {unknown}
 M - 3 scrolls of enchant armour {unknown}
Potions
 a - 3 potions of curing
 c - 2 potions of cancellation {unknown}
 e - 2 potions of haste {unknown}
 h - 7 potions of ambrosia
 m - a potion of resistance {unknown}
 r - a potion of berserk rage {unknown}
 w - a potion of brilliance {unknown}
 x - 2 potions of attraction {unknown}
 C - a potion of lignification {unknown}
 D - 2 potions of flight {unknown}
 E - a potion of might {unknown}
 F - a potion of invisibility {unknown}
 Q - a potion of degeneration {unknown}


   Skills:
 - Level 6.0 Short Blades
 + Level 10.0 Dodging
 + Level 19.4 Stealth
 - Level 6.0 Spellcasting
 - Level 12.0 Hexes


You had 12 spell levels left.
You knew the following spells:

 Your Spells              Type           Power      Damage    Failure   Level
a - Corona                Hex            47%        N/A       1%          1
b - Ensorcelled Hibernat  Hex/Ice        48%        N/A       1%          2
c - Confusing Touch       Hex            43%        N/A       1%          3
d - Tukima's Dance        Hex            43%        N/A       1%          3
e - Dazzling Flash        Conj/Hex       48%        N/A       3%          3

Your spell library contained the following spells:

 Spells                   Type           Power      Damage    Failure   Level
 Animate Skeleton         Necr           8%         N/A       14%         1
 Magic Dart               Conj           16%        1d3       14%         1
 Pain                     Necr           16%        1d4       14%         1
 Call Imp                 Summ           4%         N/A       21%         2
 Frozen Ramparts          Ice            8%         1d2       38%         3
 Mephitic Cloud           Conj/Pois/Air  4%         N/A       38%         3
 Vampiric Draining        Necr           2%         2d6       38%         3
 Animate Armour           Summ/Erth      8%         N/A       80%         4
 Hailstorm                Conj/Ice       4%         3d4       80%         4
 Blade Hands              Tmut           2%         N/A       98%         5
 Iron Shot                Conj/Erth      2%         9d2       100%        6
 Simulacrum               Ice/Necr       2%         N/A       100%        6


Dungeon Overview and Level Annotations

Branches:
Dungeon (11/15)            Temple (0/1) D:6            Lair (3/6) D:8
    Orc (0/2) D:9
  Swamp: Lair:2-4    Shoals: Lair:2-4     Snake: Lair:2-4    Spider: Lair:2-4

Altars:
Cheibriados
Dithmenos
Gozag
Nemelex Xobeh
Okawaru
Ru
Trog
Vehumet
Wu Jian
Yredelemnul
Zin

Shops:
D:6 [

Annotations:
D:8 exclusion: 4 doors


Innate Abilities, Weirdness & Mutations

You are small and have problems with some larger weapons.
You are completely attuned to the shadows.


Message History

The eight-headed hydra closely misses you. x2
The eight-headed hydra misses you.
Casting: Dazzling Flash (dangerous; 3% risk of failure)
Confirm with . or Enter, or press ? or * to list all spells.
The eight-headed hydra completely misses you. x2
The eight-headed hydra bites you.
The eight-headed hydra barely misses you.
The eight-headed hydra bites you but does no damage.
The eight-headed hydra closely misses you.
The eight-headed hydra bites you but does no damage.
The eight-headed hydra bites you.
Casting: Dazzling Flash (dangerous; 3% risk of failure)
Confirm with . or Enter, or press ? or * to list all spells.
The eight-headed hydra completely misses you. x2
The eight-headed hydra bites you but does no damage.
The eight-headed hydra barely misses you.
The eight-headed hydra completely misses you.
The eight-headed hydra bites you but does no damage. x2
The eight-headed hydra bites you.
Casting: Dazzling Flash (dangerous; 3% risk of failure)
Confirm with . or Enter, or press ? or * to list all spells.
Your hands begin to glow red.
The eight-headed hydra bites you! x3
* * * LOW HITPOINT WARNING * * *
The eight-headed hydra misses you. x2
The eight-headed hydra completely misses you.
The eight-headed hydra barely misses you. x2
Okay, then.
Okay, then.
Your hands stop glowing.
There is a stone staircase leading up here.
The eight-headed hydra bites you.
* * * LOW HITPOINT WARNING * * *
The eight-headed hydra misses you.
The eight-headed hydra closely misses you.
The eight-headed hydra barely misses you.
The eight-headed hydra completely misses you. x2
The eight-headed hydra bites you but does no damage.
The eight-headed hydra bites you!
You die...
Your body crumbles into a pile of gold.

##....P. #..###P. #..##
. #...# .P ##..## #..
#P..###.^#... ..#......
##.P.............#......
#.....D...........P.....
.......@....>..#........
........................
...............##..##...
##.............#...#.##.
##...#............#####
######.>....#...#.###.
##..........###.<
#.#.........#.#.
####.##.####.###


You could see an eight-headed hydra.

Vanquished Creatures
  3 hydras
  2 two-headed ogres
  11 elephants
  A black mamba (Lair:1)
  Maggie (D:6)
  3 cane toads
  2 rime drakes (Lair:1)
  4 komodo dragons
  A kobold demonologist (D:10)
  A queen bee (D:10)
  A troll (D:11)
  Grinder (D:6)
  10 blink frogs
  4 shadows
  Sigmund (D:4)
  A centaur simulacrum (D:11)
  2 wyverns (D:7)
  A vampire (D:10)
  14 yaks
  2 basilisks
  2 steam dragons
  An acid dragon (D:11)
  6 water moccasins
  Duvessa (D:6)
  An orc warrior (D:6)
  An ice beast (D:6)
  5 black bears
  6 wolves (Lair:1)
  7 centaurs
  An ogre (D:4)
  2 kobold brigands
  6 bullfrogs
  A gnoll sergeant (D:9)
  A wyvern zombie (D:7)
  Dowan (D:6)
  A water moccasin skeleton (D:2)
  24 killer bees (D:10)
  A wight (D:8)
  10 centaur zombies
  A jelly (D:4)
  A bullfrog zombie (D:5)
  A bullfrog skeleton (D:6)
  3 gnoll shamans
  2 hounds
  2 orc priests (D:6)
  3 orc wizards
  2 iguanas
  A hound skeleton (D:2)
  A howler monkey zombie (D:10)
  6 adders
  17 gnolls
  A white imp (D:7)
  A worm (D:4)
  3 dart slugs
  18 orcs
  5 ball pythons
  8 endoplasms
  3 giant cockroaches
  7 goblins
  6 hobgoblins
  2 jackals (D:2)
  4 quokkas
  6 bats
  A frilled lizard (D:1)
  17 kobolds
  7 rats
  A butterfly (Lair:1)
274 creatures vanquished.

Vanquished Creatures (others)
  9 fungi
  17 plants
26 creatures vanquished.

Grand Total: 300 creatures vanquished

Notes
Turn   | Place    | Note
-------+----------+-------------------------------------------
     0 | D:1      | sasquatch the Kobold Enchanter began the quest for the Orb.
     0 | D:1      | Reached XP level 1. HP: 10/10 MP: 3/3
     6 | D:1      | Got the Grimoire of Snow
   104 | D:1      | Reached XP level 2. HP: 15/15 MP: 5/5
   277 | D:1      | Learned a level 2 spell: Ensorcelled Hibernation
   641 | D:1      | Reached XP level 3. HP: 16/19 MP: 0/6
   963 | D:1      | Found a faded altar of an unknown god.
   978 | D:1      | Became a worshipper of Gozag Ym Sagoz the Greedy
  1319 | D:2      | Reached XP level 4. HP: 19/24 MP: 7/7
  1323 | D:2      | Learned a level 3 spell: Confusing Touch
  1419 | D:2      | Reached skill level 5 in Stealth
  1419 | D:2      | Reached XP level 5. HP: 28/28 MP: 8/8
  2985 | D:4      | Found a bloodstained altar of Trog.
  2985 | D:4      | Noticed a black bear
  2985 | D:4      | Noticed a black bear
  2989 | D:4      | Killed a black bear
  2990 | D:4      | Reached skill level 5 in Short Blades
  2990 | D:4      | Reached XP level 6. HP: 32/32 MP: 9/9
  2993 | D:4      | Killed a black bear
  2994 | D:4      | Reached skill level 6 in Stealth
  2994 | D:4      | Noticed Sigmund
  3001 | D:4      | Killed Sigmund
  3002 | D:4      | Reached XP level 7. HP: 36/36 MP: 5/10
  3136 | D:4      | Reached skill level 7 in Stealth
  3268 | D:4      | Learned a level 3 spell: Tukima's Dance
  3319 | D:4      | Reached skill level 5 in Hexes
  3641 | D:4      | You fall into a shaft and drop 2 floors!
  3699 | D:6      | Noticed Grinder
  3701 | D:5      | Entered Level 5 of the Dungeon
  3742 | D:5      | Found a shadowy altar of Dithmenos.
  3904 | D:5      | Noticed a steam dragon
  3908 | D:5      | Killed a steam dragon
  3934 | D:4      | Reached skill level 8 in Stealth
  3934 | D:4      | Reached XP level 8. HP: 41/41 MP: 11/11
  4510 | D:5      | Identified the +11 flail of Zakui {drain, Drain rElec
                  | Str+4}
  5013 | D:5      | Reached skill level 9 in Stealth
  5111 | D:6      | Killed Grinder
  5206 | D:6      | Found Nubotull's Antique Armour Shop.
  5211 | D:6      | Bought a shiny helmet for 187 gold pieces
  5225 | D:6      | Bought a polished buckler for 237 gold pieces
  5225 | D:6      | Identified the +0 buckler "Digoab" {Harm Int+4 Dex+2
                  | Slay-2} (You bought it in a shop on level 6 of the Dungeon)
  5469 | D:6      | Reached XP level 9. HP: 45/45 MP: 14/14
  5490 | D:6      | Noticed Maggie
  5494 | D:6      | Killed Maggie
  5495 | D:6      | Reached skill level 10 in Stealth
  5739 | D:6      | Noticed Dowan
  5742 | D:6      | Noticed Duvessa
  5743 | D:6      | Killed Dowan
  5754 | D:6      | Killed Duvessa
  5763 | D:6      | Reached skill level 5 in Spellcasting
  6032 | D:6      | Found a staircase to the Ecumenical Temple.
  6450 | D:6      | Learned a level 3 spell: Dazzling Flash
  6695 | D:7      | Found a sacrificial altar of Ru.
  6743 | D:7      | Reached skill level 11 in Stealth
  6759 | D:7      | Found the +3 robe of Clouds {+Thunder rCloud rElec}
  6985 | D:7      | Noticed a two-headed ogre
  6989 | D:7      | Reached XP level 10. HP: 50/50 MP: 18/18
  6990 | D:7      | Killed a two-headed ogre
  6991 | D:7      | Reached skill level 12 in Stealth
  7224 | D:8      | Found an iron altar of Okawaru.
  7224 | D:8      | Found an ornate altar of the Wu Jian Council.
  7314 | D:8      | Found a staircase to the Lair.
  7314 | D:8      | Noticed an elephant
  7335 | D:8      | Killed an elephant
  7770 | D:8      | Found a snail-covered altar of Cheibriados.
  7775 | D:8      | Found a glowing silver altar of Zin.
  7777 | D:8      | Found a sparkling altar of Nemelex Xobeh.
  7778 | D:8      | Found a faded altar of an unknown god.
  7783 | D:8      | Found a radiant altar of Vehumet.
  7965 | D:8      | Reached skill level 13 in Stealth
  7965 | D:8      | Reached skill level 10 in Hexes
  8058 | D:8      | Noticed a five-headed hydra
  9180 | D:9      | Found a staircase to the Orcish Mines.
  9354 | D:10     | Entered Level 10 of the Dungeon
  9395 | D:10     | Reached XP level 11. HP: 54/54 MP: 20/20
  9433 | D:10     | Found a basalt altar of Yredelemnul.
  9462 | D:10     | Reached skill level 14 in Stealth
  9601 | D:10     | Identified the +0 scale mail of the Hundredfold Curses
                  | {rElec rPois Str-2 Int+6 Dex-2}
  9688 | D:10     | Reached skill level 15 in Stealth
  9894 | D:10     | Identified the +4 short sword "Qicik" {vorpal, rPois Str+5
                  | Int-5}
 10047 | D:11     | Noticed a two-headed ogre
 10060 | D:11     | Killed a two-headed ogre
 10455 | D:10     | Reached skill level 16 in Stealth
 10791 | D:10     | Reached XP level 12. HP: 58/59 MP: 18/21
 11672 | Lair:1   | Entered Level 1 of the Lair of Beasts
 11838 | Lair:1   | Noticed a five-headed hydra
 11842 | Lair:1   | Killed a five-headed hydra
 11843 | Lair:1   | Reached skill level 17 in Stealth
 12095 | Lair:1   | Identified the +7 long sword "Osawk" {speed, rF- Will+
                  | Int+6 Dex+5}
 12140 | Lair:1   | Reached skill level 5 in Dodging
 12588 | Lair:1   | Reached skill level 18 in Stealth
 13047 | Lair:2   | Noticed a seven-headed hydra
 13051 | Lair:2   | Killed a seven-headed hydra
 13067 | Lair:2   | Reached XP level 13. HP: 57/63 MP: 17/22
 13421 | Lair:2   | Noticed a six-headed hydra
 13852 | Lair:3   | Reached skill level 19 in Stealth
 13952 | Lair:3   | Noticed a five-headed hydra
 13957 | Lair:3   | Killed a five-headed hydra
 13958 | Lair:3   | Reached skill level 10 in Dodging
 14104 | Lair:3   | Noticed an eight-headed hydra
 14138 | Lair:3   | Slain by an eight-headed hydra

Illustrated notes

Levels and vault maps discovered:
D:1:      minmay_arrival_plants_in_alcoves, layout_basic,
          ebering_ecumenical_altar_sacrificial
D:2:      layout_basic, item_on_display_a
D:3:      layout_loops_ring
D:4:      layout_loops_cross, trog_ov_bears_minmay, minmay_pentangle,
          uniq_sigmund
D:5:      layout_rooms, lemuel_doored_altar, kennysheep_doodads
D:6:      black_bear_nest_2, layout_cave_pods,
          minmay_temple_entry_drinking_statues, serial_shops,
          nicolae_shop_stone, uniq_maggie, uniq_grinder, uniq_duvessa
D:7:      layout_basic, nicolae_overflow_crystal_walls
D:8:      kennysheep_blocky_room, layout_loops_ring,
          chequers_temple_overflow_statue_of_worship,
          chequers_temple_overflow_minitemple, david_lair_generic, dk_vineyard_3
D:9:      layout_roguey, orc_0_dummy
D:10:     layout_rooms, nicolae_yredelemnul_corpse_copse, special_room
          [special_room_bee], minmay_joined_circles
D:11:     layout_loops_ring, hangedman_tell_no_tales, uniq_fannar, uniq_sonja
Lair:1:   layout_small_grid, grunt_megastairs_2, lemuel_fruit_fields
Lair:2:   layout_misc_corridors, guppyfry_snake_entry_island
Lair:3:   layout_loops_ring

Skill      XL: |  1  2  3  4  5  6  7  8  9 10 11 12 13 |
---------------+----------------------------------------+-----
Short Blades   | 2 4 5 6 |  6.0
Stealth        | 5 6 8 9 11 13 16 18 19 | 19.4
Hexes          | 4 5 6 8 10 12 | 12.0
Spellcasting   | 3 5 6 |  6.0
Dodging        | 8 10 | 10.0

Action                   |  1- 3 |  4- 6 |  7- 9 | 10-12 | 13-15 || total
-------------------------+-------+-------+-------+-------+-------++-------
Melee: Dagger            |    73 |    55 |   185 |   405 |    60 ||   778
       Flail             |       |       |     3 |       |       ||     3
       Long sword        |       |       |       |    16 |       ||    16
Throw: Dart              |       |       |       |     2 |       ||     2
 Cast: Ensorcelled Hiber |    10 |     6 |    35 |    36 |    13 ||   100
       Confusing Touch   |       |     1 |     9 |    36 |     8 ||    54
       Corona            |       |       |     4 |     4 |     2 ||    10
       Dazzling Flash    |       |       |     2 |    29 |     8 ||    39
  Use: Potion            |       |       |       |     3 |       ||     3
       Scroll            |       |       |       |     4 |       ||     4
 Stab: Sleeping          |    21 |    15 |    47 |    59 |    18 ||   160
       Confused          |       |     1 |     9 |    38 |     9 ||    57
       Distracted        |       |       |     2 |     4 |     1 ||     7
       Invisible         |       |       |     4 |    25 |       ||    29
Armor: Robe              |     7 |    11 |    50 |   182 |    22 ||   272
Dodge: Dodged            |    37 |    36 |   122 |   435 |    90 ||   720
       Rpst.: Long sword |       |       |       |     5 |       ||     5
